 Dungeon Sprint DCSS version 0.21-a0-401-g0b6bec4 (webtiles) character file.

39429 Kidiri the Eclecticist (level 12, -3/76 HPs)
             Began as a Deep Elf Fire Elementalist on Oct 25, 2017.
             Was the Champion of Vehumet.
             Slain by an anaconda (11 damage)
             ... in the Dungeon (Sprint III: "The Ten Rune Challenge").
             The game lasted 00:35:14 (5600 turns).

Kidiri the Eclecticist (Deep Elf Fire Elementalist) Turns: 5600, Time: 00:35:16

Health: -3/76      AC: 15    Str:  7    XL:     12   Next: 98%
Magic:  38/38      EV:  9    Int: 29    God:    Vehumet [******]
Gold:   91         SH:  0    Dex: 15    Spells: 0/51 levels left

rFire    . . .     SeeInvis .   W - +1 dagger (drain)
rCold    + + .     Gourm    .   (no shield)
rNeg     . . .     Faith    .   P - +1 scale mail {rC+}
rPois    .         Spirit   .   a - +2 hat {Int+3}
rElec    .         Reflect  .   (no cloak)
rCorr    .         Harm     .   (no gloves)
MR       +....     Clarity  +   (no boots) Stlth ++........NoTele +
                                (no amulet)
HPRegen  0.22/turn              Q - +2 ring of strength
MPRegen  0.26/turn              (no ring)

@: constricted
A: iridescent scales 1, molten scales 1, camouflage 1, clarity, cold resistance
1
}: 1/10 runes: barnacled
a: Renounce Religion


You were in the Dungeon.
You worshipped Vehumet.
Vehumet was exalted by your worship.
You were full.

You visited 1 branch You collected 91 gold pieces.

Inventory:

Hand Weapons
 c - a +4 triple sword of electrocution
 k - a +0 hunting sling
 v - a +0 blowgun
 w - a +0 blowgun
 y - a +0 quarterstaff
 W - a +1 dagger of draining (weapon)
Missiles
 b - 5 needles of paralysis
 i - 5 needles of sleeping
Armour
 a - a +2 hat of intelligence (worn)
 d - a +0 ring mail
 j - a +0 scale mail
 p - a +0 robe
 B - a +0 robe
 P - a +1 scale mail of cold resistance (worn)
 X - a +0 buckler
Jewellery
 Q - a +2 ring of strength (left hand)
Wands
 z - a wand of lightning (5/15)
Scrolls
 n - a scroll of torment {unknown}
 o - a scroll of enchant armour {unknown}
 r - a scroll of immolation {unknown}
 s - 2 scrolls of remove curse
 R - a scroll of random uselessness {unknown}
 S - a scroll of fog {unknown}
 Z - a scroll of amnesia {unknown}
Potions
 e - a potion of heal wounds
 f - a potion of haste
 h - 2 potions of berserk rage
 l - a potion of lignification
 m - 2 potions of mutation
 q - 2 potions of invisibility
 t - 2 potions of agility
 u - a potion of resistance
 A - a potion of might
 G - 2 potions of flight {unknown}
 N - 2 potions of degeneration {unknown}
 T - 2 potions of brilliance {unknown}
Comestibles
 F - 23 royal jellies


   Skills:
 + Level 9.4 Fighting
 - Level 8.0 Short Blades
 + Level 9.3 Armour
 - Level 10.4 Dodging
 - Level 2.4 Stealth
 + Level 5.9 Shields
 * Level 20.4 Spellcasting
 + Level 13.1 Conjurations
 + Level 13.4 Fire Magic
 + Level 10.6 Ice Magic
 + Level 8.9 Air Magic
 + Level 8.5 Earth Magic


You couldn't memorise any spells.
You knew the following spells:

 Your Spells              Type           Power        Failure   Level  Hunger
a - Flame Tongue          Conj/Fire      #####        1%          1    None
b - Throw Flame           Conj/Fire      ######       1%          2    None
c - Conjure Flame         Conj/Fire      #######.     1%          3    None
d - Inner Flame           Hex/Fire       ######..     1%          3    None
e - Sticky Flame          Conj/Fire      #######.     1%          4    None
f - Fireball              Conj/Fire      #######...   1%          5    None
g - Bolt of Fire          Conj/Fire      #######...   1%          6    None
h - Throw Frost           Conj/Ice       ######       1%          2    None
i - Bolt of Cold          Conj/Ice       #######...   3%          6    None
j - Airstrike             Air            ######....   1%          4    None
k - Iron Shot             Conj/Erth      #######...   4%          6    None
l - Searing Ray           Conj           ######       1%          2    None
m - Orb of Destruction    Conj           #######...   11%         7    ###....


Dungeon Overview and Level Annotations

Branches:
Dungeon (1/1)

Altars:
Cheibriados
Dithmenos
Elyvilon
Fedhas
Gozag
Hepliaklqana
Kikubaaqudgha
Makhleb
Nemelex Xobeh
Okawaru
Qazlal
Ru
Sif Muna
Trog
Uskayaw
Vehumet
Wu Jian
Xom
Yredelemnul
Zin
The Shining One
Beogh
Jiyva
Lugonu

Shops:
D [}!

Annotations:
D exclusion: 4 doors


Innate Abilities, Weirdness & Mutations

You are partially covered in iridescent scales. (AC +2)
You are partially covered in molten scales. (AC +2)
Your skin changes colour to match your surroundings (Stealth+).
You possess an exceptional clarity of mind.
Your flesh is cold resistant. (rC+)


Message History

Unknown command.
Magic courses through your body. The anaconda grabs you.
The anaconda bites you. The anaconda constricts you.
The anaconda bites you but does no damage. x2
Unknown command.
You escape the anaconda's grasp.
The anaconda grabs you. The anaconda bites you. The anaconda constricts you.
The anaconda bites you.
Unknown command.
You escape the anaconda's grasp.
The anaconda closely misses you.
The anaconda bites you but does no damage.
The anaconda grabs you. The anaconda bites you. The anaconda constricts you.
The anaconda bites you but does no damage.
The anaconda bites you. The anaconda constricts you.
The anaconda's grasp on you weakens, but your attempt to escape fails.
The anaconda bites you! The anaconda constricts you. The anaconda bites you!
* * * LOW HITPOINT WARNING * * *
The anaconda bites you!
* * * LOW HITPOINT WARNING * * *
The anaconda bites you!
You die...

♣...##.##.#≈≈≈≈≈...#}.#
♣♣.##.##.##'≈≈≈≈§####+#
♣..#.##...#≈≈......§§# ♣♣
♣♣.##.##..#≈..+####### .♣
♣♣.##.#####...#......# .♣
♣.....##%%....#♣..._.#
###########'#############
.........▓#.....SS....##
.......≈≈▓#.....@SSS...#
......≈≈≈▓###########..#
≈≈..≈≈≈≈≈▓ S.S†.....#
≈≈≈≈≈≈≈≈≈▓ .....S..##
≈≈≈≈≈≈≈≈≈▓ #########
≈≈≈≈≈≈≈≈≈▓ ≈≈≈≈≈≈≈≈≈▓
≈≈≈≈≈≈≈≈≈▓ ≈≈≈≈≈≈≈≈≈▓


You could see 4 anacondas and an adder.

Vanquished Creatures
  Rupert (D)
  A kraken (D)
  Gastronok (D)
  2 dire elephants (D)
  An anaconda (D)
  A centaur warrior (D)
  2 alligator snapping turtles (D)
  Erica (D)
  4 death yaks (D)
  Urug (D)
  A spriggan druid (D)
  A death drake (D)
  A lindwurm (D)
  An unseen horror (D)
  A deep elf mage (D)
  2 elephants (D)
  6 black mambas (D)
  2 spiny frogs (D)
  A rime drake (D)
  A komodo dragon (D)
  A queen bee (D)
  2 tyrant leeches (D)
  8 blink frogs (D)
  4 snapping turtles (D)
  A shadow (D)
  3 redbacks (D)
  2 spriggans (D)
  A spatial vortex (D)
  2 hydra simulacra (D)
  A water moccasin (D)
  A swamp drake (D)
  A necrophage (D)
  2 centaurs (D)
  An earth elemental (D)
  A water elemental (D)
  A scorpion (D)
  32 killer bees (D)
  An electric eel (D)
  3 wandering mushrooms (D)
  A jelly (D)
  A wizard (D)
  A necromancer (D)
  2 wolf simulacra (D)
  3 humans (D)
  A kobold demonologist (D)
  An ooze (D)
  3 rats (D)
  2 ballistomycetes (D)
  A ballistomycete spore (D)
  4 fungi (D)
  10 plants (D)
130 creatures vanquished.

Vanquished Creatures (others)
  2 draconian scorchers (D)
  Nessos (D)
  2 hydras (D)
  6 hellions (D)
  3 yaktaurs (D)
  5 plants (D)
  4 tentacles (D)
23 creatures vanquished.

Grand Total: 153 creatures vanquished

Notes
Turn   | Place    | Note
-------+----------+-------------------------------------------
     0 | D        | Kidiri the Deep Elf Fire Elementalist began the quest for the Orb.
     0 | D        | Reached XP level 1. HP: 10/10 MP: 6/6
     3 | D        | Reached skill level 4 in Spellcasting
   104 | D        | Noticed a scorpion
   111 | D        | Killed a scorpion
   111 | D        | Reached skill level 7 in Spellcasting
   111 | D        | Reached skill level 5 in Fire Magic
   111 | D        | Reached XP level 2. HP: 15/15 MP: 6/12
   111 | D        | Reached XP level 3. HP: 19/19 MP: 6/13
   115 | D        | Learned a level 2 spell: Throw Flame
   115 | D        | Killed a hellion
   116 | D        | Killed a hellion
   117 | D        | Killed a hellion
   119 | D        | Learned a level 3 spell: Conjure Flame
   123 | D        | Learned a level 3 spell: Inner Flame
   128 | D        | Killed a hellion
   152 | D        | Killed a hellion
   159 | D        | Killed a yaktaur
   162 | D        | Killed a white draconian scorcher
   164 | D        | Killed a white draconian scorcher
   176 | D        | Killed a hellion
   251 | D        | Gained mutation: Your magical capacity is low. (-10% MP) [potion of mutation]
   251 | D        | Gained mutation: Your flesh is cold resistant. (rC+) [potion of mutation]
   252 | D        | Lost mutation: Your magical capacity is low. (-10% MP) [potion of mutation]
   252 | D        | Gained mutation: You are partially covered in molten scales. (AC +2) [potion of mutation]
   252 | D        | Gained mutation: You expend magic power (3 MP) to strengthen your wands. [potion of mutation]
   252 | D        | Gained mutation: Your body sometimes deteriorates upon taking damage. [potion of mutation]
   252 | D        | Gained mutation: Your skin changes colour to match your surroundings (Stealth+). [potion of mutation]
   253 | D        | Lost mutation: Your body sometimes deteriorates upon taking damage. [potion of mutation]
   253 | D        | Lost mutation: You expend magic power (3 MP) to strengthen your wands. [potion of mutation]
   253 | D        | Gained mutation: You possess an exceptional clarity of mind. [potion of mutation]
   253 | D        | Gained mutation: You are partially covered in iridescent scales. (AC +2) [potion of mutation]
   345 | D        | Reached skill level 8 in Spellcasting
   345 | D        | Reached XP level 4. HP: 24/24 MP: 8/16
   351 | D        | Learned a level 4 spell: Sticky Flame
   392 | D        | Noticed a water elemental
   393 | D        | Killed a water elemental
   393 | D        | Reached skill level 9 in Spellcasting
   393 | D        | Reached skill level 5 in Conjurations
   630 | D        | Found a radiant altar of Vehumet.
   631 | D        | Found a deep blue altar of Sif Muna.
   631 | D        | Found an ancient bone altar of Kikubaaqudgha.
   631 | D        | Noticed a wizard
   633 | D        | Killed a wizard
   633 | D        | Reached skill level 10 in Spellcasting
   633 | D        | Reached XP level 5. HP: 28/28 MP: 13/19
   634 | D        | Noticed a sixfirhy
   635 | D        | Noticed a hellwing
   648 | D        | Became a worshipper of Vehumet
   656 | D        | Learned a level 5 spell: Fireball
   702 | D        | Found a glowing silver altar of Zin.
   703 | D        | Found a glowing golden altar of the Shining One.
   703 | D        | Found a white marble altar of Elyvilon.
   703 | D        | Noticed a deep elf mage
   709 | D        | Killed a deep elf mage
   709 | D        | Reached skill level 5 in Dodging
   709 | D        | Reached skill level 12 in Spellcasting
   709 | D        | Reached XP level 6. HP: 35/37 MP: 12/23
   709 | D        | Reached XP level 7. HP: 39/41 MP: 12/24
   771 | D        | Found an ornate altar of the Wu Jian Council.
   771 | D        | Found a roughly hewn altar of Beogh.
   771 | D        | Found an iron altar of Okawaru.
   771 | D        | Found a bloodstained altar of Trog.
   771 | D        | Found a hide-covered altar of Uskayaw.
   771 | D        | Noticed a human
   771 | D        | Noticed a human
   774 | D        | Killed a human
   775 | D        | Killed a human
   775 | D        | Reached * piety under Vehumet
   775 | D        | Offered knowledge of Shock by Vehumet.
   775 | D        | Reached skill level 13 in Spellcasting
   917 | D        | Killed Nessos
  1042 | D        | Found a basalt altar of Yredelemnul.
  1042 | D        | Found a shadowy altar of Dithmenos.
  1042 | D        | Found a sacrificial altar of Ru.
  1150 | D        | Noticed a shadow
  1152 | D        | Killed a shadow
  1152 | D        | Reached ** piety under Vehumet
  1152 | D        | Offered knowledge of Throw Frost by Vehumet.
  1152 | D        | Reached XP level 8. HP: 48/48 MP: 18/27
  1152 | D        | Reached skill level 5 in Short Blades
  1265 | D        | Found a blossoming altar of Fedhas.
  1265 | D        | Found a stormy altar of Qazlal.
  1265 | D        | Found a snail-covered altar of Cheibriados.
  1265 | D        | Found a burning altar of Makhleb.
  1265 | D        | Found a shimmering altar of Xom.
  1266 | D        | Found a hazy altar of Hepliaklqana.
  1266 | D        | Found an opulent altar of Gozag.
  1266 | D        | Found a sparkling altar of Nemelex Xobeh.
  1266 | D        | Found a corrupted altar of Lugonu.
  1266 | D        | Found a viscous altar of Jiyva.
  1297 | D        | Learned a level 2 spell: Throw Frost
  1395 | D        | Noticed Erica
  1398 | D        | Killed Erica
  1398 | D        | Offered knowledge of Searing Ray by Vehumet.
  1398 | D        | Reached skill level 14 in Spellcasting
  1598 | D        | Learned a level 2 spell: Searing Ray
  1657 | D        | Reached *** piety under Vehumet
  1657 | D        | Reached XP level 9. HP: 53/53 MP: 17/29
  1816 | D        | Noticed a centaur warrior
  1818 | D        | Reached skill level 5 in Fighting
  1820 | D        | Killed a centaur warrior
  1820 | D        | Offered knowledge of Airstrike by Vehumet.
  1820 | D        | Reached skill level 5 in Armour
  1820 | D        | Reached skill level 15 in Spellcasting
  1884 | D        | Learned a level 4 spell: Airstrike
  2023 | D        | Killed a yaktaur
  2170 | D        | Noticed an unseen horror
  2173 | D        | Killed an unseen horror
  2173 | D        | Reached **** piety under Vehumet
  2173 | D        | Reached skill level 10 in Fire Magic
  2173 | D        | Reached skill level 1 in Air Magic
  2363 | D        | Noticed a queen bee
  2369 | D        | Killed a queen bee
  2369 | D        | Offered knowledge of Irradiate by Vehumet.
  2392 | D        | Reached skill level 5 in Ice Magic
  2392 | D        | Reached ***** piety under Vehumet
  2552 | D        | Reached XP level 10. HP: 42/60 MP: 20/31
  2554 | D        | Reached skill level 10 in Conjurations
  2559 | D        | Reached ****** piety under Vehumet
  2559 | D        | Reached skill level 16 in Spellcasting
  2559 | D        | Offered knowledge of Bolt of Cold by Vehumet.
  2679 | D        | Learned a level 6 spell: Bolt of Cold
  2900 | D        | Killed a five-headed hydra
  2933 | D        | Killed an eight-headed hydra
  2956 | D        | Noticed a spiny frog
  2956 | D        | Noticed a spiny frog
  2958 | D        | Killed a spiny frog
  2958 | D        | Offered knowledge of Iron Shot by Vehumet.
  2959 | D        | Killed a spiny frog
  3024 | D        | Learned a level 6 spell: Iron Shot
  3037 | D        | Reached skill level 1 in Earth Magic
  3040 | D        | Reached skill level 10 in Dodging
  3188 | D        | Noticed a lindwurm
  3191 | D        | Killed a lindwurm
  3191 | D        | Reached skill level 17 in Spellcasting
  3264 | D        | Noticed Urug
  3268 | D        | Killed Urug
  3268 | D        | Reached skill level 5 in Air Magic
  3268 | D        | Reached XP level 11. HP: 41/67 MP: 13/34
  3408 | D        | Offered knowledge of Iskenderun's Battlesphere by Vehumet.
  3452 | D        | Identified Lamaum's Guide on Hexes and Weightlessness
  3666 | D        | Offered knowledge of Orb of Destruction by Vehumet.
  3666 | D        | Reached skill level 1 in Shields
  3811 | D        | Learned a level 7 spell: Orb of Destruction
  3815 | D        | Noticed Rupert
  3819 | D        | Paralysed by Rupert for 3 turns
  3822 | D        | Killed Rupert
  3822 | D        | Reached skill level 18 in Spellcasting
  3829 | D        | Noticed an azure jelly
  3829 | D        | Noticed an azure jelly
  3829 | D        | Noticed an azure jelly
  3829 | D        | Noticed an azure jelly
  3926 | D        | Noticed a death yak
  3927 | D        | Noticed a death yak
  3931 | D        | Noticed a death yak
  3931 | D        | Killed a death yak
  3931 | D        | Reached skill level 5 in Earth Magic
  3933 | D        | Noticed a death yak
  3933 | D        | Killed a death yak
  3934 | D        | Killed a death yak
  3934 | D        | Offered knowledge of Spellforged Servitor by Vehumet.
  3937 | D        | Killed a death yak
  4099 | D        | Reached XP level 12. HP: 28/74 MP: 26/36
  4264 | D        | Noticed a kraken
  4271 | D        | Killed a kraken
  4271 | D        | Reached skill level 19 in Spellcasting
  4566 | D        | Noticed an alligator snapping turtle
  4569 | D        | Killed an alligator snapping turtle
  4679 | D        | Noticed an alligator snapping turtle
  4738 | D        | Killed an alligator snapping turtle
  4855 | D        | Offered knowledge of Bolt of Fire by Vehumet.
  4932 | D        | Found Syiryloang's Antique Armour Shoppe.
  4932 | D        | Found Ajuuvogask's Gadget Boutique.
  4932 | D        | Found Houtuah's Distillery.
  4942 | D        | Got a barnacled rune of Zot
  4991 | D        | Noticed a dire elephant
  4991 | D        | Noticed a dire elephant
  4991 | D        | Noticed Gastronok
  4995 | D        | Killed a dire elephant
  4996 | D        | Killed Gastronok
  4996 | D        | Reached skill level 5 in Shields
  4996 | D        | Reached skill level 10 in Ice Magic
  5000 | D        | Killed a dire elephant
  5000 | D        | Reached skill level 20 in Spellcasting
  5106 | D        | Learned a level 6 spell: Bolt of Fire
  5325 | D        | Found a blossoming altar of Fedhas.
  5327 | D        | Offered knowledge of Ozocubu's Refrigeration by Vehumet.
  5513 | D        | Noticed an anaconda
  5517 | D        | Killed an anaconda
  5592 | D        | Noticed an anaconda
  5592 | D        | Noticed an anaconda
  5592 | D        | Noticed an anaconda
  5593 | D        | Noticed an anaconda
  5600 | D        | Slain by an anaconda

Vault maps used:
D:        dungeon_sprint_mu

Skill      XL: |  1  2  3  4  5  6  7  8  9 10 11 12 |
---------------+-------------------------------------+-----
Spellcasting   | 7 8 10 12 13 14 15 17 18 20 | 20.4
Conjurations   | 4 5 7 8 9 10 12 13 | 13.1
Fire Magic     | 5 6 8 9 10 11 12 13 | 13.4
Fighting       | 3 4 5 7 8 9 |  9.4
Short Blades   | 3 4 5 7 8 |  8.0
Armour         | 2 3 4 5 6 8 9 |  9.3
Dodging        | 5 6 7 9 10 | 10.4
Ice Magic      | 2 5 7 9 10 | 10.6
Air Magic      | 2 5 7 8 |  8.9
Earth Magic    | 2 6 8 |  8.5
Shields        | 3 5 |  5.9
Stealth        | |  2.4

Action                   |  1- 3 |  4- 6 |  7- 9 | 10-12 || total
-------------------------+-------+-------+-------+-------++-------
Melee: Scimitar          |       |       |     6 |    25 ||    31
       Dagger            |       |       |       |    79 ||    79
 Cast: Flame Tongue      |    14 |     6 |    21 |    37 ||    78
       Sticky Flame      |       |     3 |     6 |     2 ||    11
       Conjure Flame     |       |     1 |     5 |     2 ||     8
       Fireball          |       |       |    14 |     7 ||    21
       Inner Flame       |       |       |     5 |     5 ||    10
       Searing Ray       |       |       |     5 |       ||     5
       Airstrike         |       |       |     2 |     5 ||     7
       Bolt of Cold      |       |       |       |    43 ||    43
       Iron Shot         |       |       |       |    10 ||    10
       Orb of Destructio |       |       |       |    18 ||    18
       Throw Flame       |       |       |       |     1 ||     1
       Bolt of Fire      |       |       |       |     5 ||     5
  Use: Scroll            |     4 |       |       |     2 ||     6
       Potion            |     3 |       |     1 |     4 ||     8
 Stab: Sleeping          |       |       |       |     3 ||     3
  Eat: Chunk             |       |       |     1 |     5 ||     6
       Fruit             |       |       |     1 |     7 ||     8
       Bread ration      |       |       |     1 |     1 ||     2
       Royal jelly       |       |       |       |     3 ||     3
Armor: Robe              |       |       |     1 |     3 ||     4
       Ring mail         |       |       |       |     5 ||     5
       Scale mail        |       |       |       |     5 ||     5
Dodge: Dodged            |       |     2 |    16 |    38 ||    56
       Rpst.: Long sword |       |       |     1 |       ||     1
       Scimitar          |       |       |     4 |     6 ||    10

Table legend:
 A = Spawn XP
 B = Non-spawn XP
 C = Spawn XP percentage of total XP
 D = Spawn monster count
 E = Non-spawn monster count
 F = Spawn count percentage of total count
 G = Total turns spent on level
                    A         B        C        D         E        F      G
               +---------+---------+-------+---------+---------+-------+---------
         Total |       0 |   37757 |   0.0 |       0 |     113 |   0.0 |  5600
               +---------+---------+-------+---------+---------+-------+---------
             D |       0 |   37757 |   0.0 |       0 |     113 |   0.0 |  5600
               +---------+---------+-------+---------+---------+-------+---------
